 Dungeon Crawl Stone Soup version 0.27.1 (webtiles) character file.

Game seed: 17372318989821249109

10469 Kala the Basher (level 11, -6/102 HPs)
             Began as a Minotaur Berserker on Aug 30, 2021.
             Was a High Priest of Trog.
             Mangled by an orc warrior (10 damage)
             ... on level 1 of the Orcish Mines.
             The game lasted 01:05:12 (9671 turns).

Kala the Basher (Minotaur Berserker)                Turns: 9671, Time: 01:05:13

Health: -6/102     AC: 15    Str: 23    XL:     11   Next: 36%
Magic:  10/10      EV: 12    Int:  4    God:    Trog [*****.]
Gold:   463        SH:  0    Dex: 12    Spells: 10/10 levels left

rFire    . . .     SeeInvis .   G - +4 dire flail
rCold    . . .     Faith    .   (shield currently unavailable)
rNeg     + . .     Spirit   .   r - +0 plate armour
rPois    .         Reflect  .   (helmet restricted)
rElec    .         Harm     .   (no cloak)
rCorr    .         Rampage  .   (no gloves)
Will     ++...                  p - +0 pair of boots
Stlth    ..........             s - amulet of the acrobat
HPRegen  1.27/turn              y - +4 ring of evasion
MPRegen  0.12/turn              B - ring of positive energy

@: strong-willed, on berserk cooldown, regenerating, slowed, very slow
A: horns 2, retaliatory headbutt
a: Renounce Religion, Berserk, Trog's Hand, Brothers in Arms


You were on level 1 of the Orcish Mines.
You worshipped Trog.
Trog was extremely pleased with you.
You visited 3 branches of the dungeon, and saw 11 of its levels.

You collected 463 gold pieces.

Inventory:

Hand Weapons
 q - the +6 hand crossbow of Indignation {elec, rPois rC+ MP+9 Dex+3}
   (You found it on level 4 of the Dungeon)

   Any ammunition fired from it occasionally discharges a powerful burst of
   electricity upon striking a foe.
   Dex:       It affects your dexterity (+3).
   rC:        It protects you from cold.
   rPois:     It protects you from poison.
   MP:        It affects your magic capacity (+9).
 G - a +4 dire flail (weapon)
Missiles
 w - 5 bolts
 H - 4 throwing nets (quivered)
Armour
 p - a +0 pair of boots (worn)
 r - a +0 plate armour (worn)
 M - a +0 tower shield
Jewellery
 i - an amulet of magic regeneration
 s - an amulet of the acrobat (around neck)
 y - a +4 ring of evasion (left hand)
 B - a ring of positive energy (right hand)
 I - a ring of see invisible
Wands
 t - a wand of polymorph (10)
 L - a wand of mindburst (14)
Scrolls
 a - 2 scrolls of blinking {unknown}
 b - 7 scrolls of noise {unknown}
 d - 8 scrolls of teleportation {unknown}
 e - 3 scrolls of torment {unknown}
 f - 4 scrolls of immolation
 h - a scroll of fog {unknown}
 m - a scroll of holy word {unknown}
 u - 6 scrolls of identify {unknown}
 v - 2 scrolls of amnesia {unknown}
 x - 5 scrolls of vulnerability {unknown}
 A - a scroll of fear {unknown}
 D - a scroll of magic mapping {unknown}
 E - a scroll of enchant weapon {unknown}
Potions
 c - a potion of invisibility {unknown}
 g - 2 potions of attraction {unknown}
 j - 2 potions of curing {unknown}
 k - 2 potions of flight {unknown}
 l - 2 potions of might {unknown}
 n - 2 potions of lignification {unknown}
 o - a potion of cancellation {unknown}
 z - a potion of berserk rage {unknown}
 C - 3 potions of haste {unknown}
 F - a potion of degeneration {unknown}
 J - a potion of brilliance {unknown}
 K - a potion of magic {unknown}


   Skills:
 * Level 11.2 Fighting
 * Level 14.2 Maces & Flails
 - Level 7.0 Crossbows
 + Level 8.9 Armour
 + Level 3.3 Dodging
 - Level 0.1 Stealth


You had 10 spell levels left.
You didn't know any spells.
Your spell library contained the following spells:

 Spells                   Type           Power      Damage    Failure   Level
 Ensorcelled Hibernation  Hex/Ice        0%         N/A       100%        2
 Spider Form              Tmut/Pois      0%         N/A       100%        3
 Shadow Creatures         Summ           N/A        N/A       100%        6


Dungeon Overview and Level Annotations

Branches:
Dungeon (9/15)             Temple (1/1) D:7             Orc (1/2) D:9
   Lair: D:8-11

Altars:
Ashenzari
Cheibriados
Dithmenos
Elyvilon
Fedhas
Gozag
Hepliaklqana
Kikubaaqudgha
Makhleb
Nemelex Xobeh
Okawaru
Qazlal
Ru
Sif Muna
Trog
Uskayaw
Vehumet
Wu Jian
Xom
Yredelemnul
Zin
The Shining One

Annotations:
D:5 1 runed translucent door


Innate Abilities, Weirdness & Mutations

You have a pair of horns on your head.
You reflexively headbutt those who attack you in melee.


Message History

Something hits you but does no damage. The orc hits you but does no damage.
You completely miss something. Something hits you.
The cyclops barely misses you. Something hits you but does no damage.
Your skin crawls.
You feel strong-willed. The orc closely misses you. Something hits you. x2
An orc comes into view. It is wielding a +0 dagger.
The cyclops hits you! The orc hits you with a +0 flail.
* * * LOW HITPOINT WARNING * * *
Something hits you.
* * * LOW HITPOINT WARNING * * *
Unknown command.
You barely miss something. Your headbutt misses something.
Something hits you but does no damage. The orc hits you with a +0 flail.
* * * LOW HITPOINT WARNING * * *
The cyclops misses you. Something hits you.
* * * LOW HITPOINT WARNING * * *
You puncture the cyclops!
You headbutt the cyclops, but do no damage.
The cyclops is moderately wounded.
The orc warrior throws a boomerang.
The boomerang barely misses you.
You hear some strange, mumbled words.
A puff of flame appears from out of thin air!
The puff of flame hits you.
* * * LOW HITPOINT WARNING * * *
The orc closely misses you.
You sock the cyclops! You headbutt the cyclops!
The cyclops is severely wounded.
You hear some strange, mumbled words.
Something tries to affect you, but you resist.
The orc warrior throws a boomerang.
The boomerang completely misses you.
You hear some strange, mumbled words.
A puff of flame appears from out of thin air!
The puff of flame misses you. The cyclops hits you!!
* * * LOW HITPOINT WARNING * * *
The orc barely misses you.
You closely miss something. Your headbutt misses something.
Something hits you but does no damage. x2
The orc warrior hits you from afar with a +0 trident!
You die...

......)....))......
........)..........
.....$....)).#.....
.........)...## ...
.........)....#.. .
..>...#..........#
...$...o.$........
......oC{###......#
.....#{@## .....##
....oo### ......
.....# ...... .....
.$. .... .... ...


You could see a cyclops, an orc warrior, an orc wizard and 2 orcs.

Vanquished Creatures
  Gastronok (D:8)
  Harold (D:7)
  Erica (D:8)
  The ghost of RamboRex the Fighter, a novice DrBe of Trog (D:8)
  Pikel (D:7)
  An orc knight (D:8)
  A centaur zombie (D:6)
  A hornet (D:7)
  Grinder (D:6)
  Sigmund (D:6)
  2 shadows (D:9)
  A wyvern (D:9)
  Grum (D:8)
  Menkaure (D:6)
  A steam dragon (D:6)
  Edmund (D:6)
  2 water moccasins
  2 ice beasts (D:7)
  A sky beast (D:7)
  3 necrophages
  4 orc warriors
  6 ogres
  2 wolves (D:8)
  2 black bears
  4 centaurs
  2 lemures (D:7)
  4 phantoms
  2 bullfrogs
  3 kobold brigands
  3 wyvern zombies
  2 scorpions (D:4)
  A water moccasin zombie (D:5)
  A troll zombie (D:9)
  3 killer bees (D:8)
  A howler monkey (D:4)
  4 wights (D:8)
  2 bullfrog zombies
  2 hounds
  3 orc priests
  A bullfrog skeleton (D:6)
  A human skeleton (D:5)
  2 iguanas
  4 orc wizards
  A killer bee zombie (D:4)
  7 ogre zombies (D:9)
  A howler monkey zombie (D:6)
  6 gnolls
  3 adders
  A white imp (D:8)
  2 ufetubi
  A worm (D:5)
  2 dart slugs
  30 orcs
  5 ball pythons
  4 bats
  7 endoplasms
  A goblin (D:1)
  12 hobgoblins
  22 kobolds
  5 quokkas
  7 frilled lizards
  A goblin skeleton (D:9)
  3 goblin zombies (D:9)
  A hobgoblin skeleton (D:9)
  7 hobgoblin zombies (D:9)
  A kobold skeleton (D:5)
  3 orc skeletons (D:9)
  10 orc zombies (D:9)
  A rat (D:3)
228 creatures vanquished.

Notes
Turn   | Place    | Note
-------+----------+-------------------------------------------
     0 | D:1      | Kala the Minotaur Berserker began the quest for the Orb.
     0 | D:1      | Reached XP level 1. HP: 19/19 MP: 0/0
   130 | D:1      | Reached XP level 2. HP: 27/27 MP: 1/1
   133 | D:1      | Reached skill level 4 in Maces & Flails
   773 | D:2      | Noticed an ogre
   779 | D:2      | Killed an ogre
   780 | D:2      | Reached skill level 5 in Maces & Flails
   780 | D:2      | Reached XP level 3. HP: 35/35 MP: 2/2
   780 | D:2      | Reached XP level 4. HP: 41/41 MP: 3/3
   785 | D:2      | Reached ** piety under Trog
  1517 | D:3      | Reached XP level 5. HP: 44/47 MP: 4/4
  1636 | D:3      | Reached skill level 5 in Fighting
  2295 | D:4      | Noticed a phantom
  2305 | D:4      | Killed a phantom
  2306 | D:4      | Reached skill level 6 in Maces & Flails
  2341 | D:4      | Identified the +6 hand crossbow of Indignation {elec, rPois
                  | rC+ MP+9 Dex+3}
  2378 | D:4      | Reached XP level 6. HP: 54/56 MP: 5/5
  2589 | D:4      | Reached skill level 7 in Maces & Flails
  2589 | D:4      | Reached skill level 1 in Crossbows
  2597 | D:4      | Reached XP level 7. HP: 60/62 MP: 6/6
  2667 | D:4      | Found a glowing drain.
  3239 | D:5      | Entered Level 5 of the Dungeon
  3516 | D:5      | Reached *** piety under Trog
  3523 | D:5      | Reached skill level 8 in Maces & Flails
  3661 | D:5      | Noticed a human
  3943 | D:5      | Found a runed translucent door.
  3948 | D:5      | Found a basalt altar of Yredelemnul.
  3958 | D:5      | Reached XP level 8. HP: 71/71 MP: 7/7
  4212 | D:6      | Reached skill level 9 in Maces & Flails
  4273 | D:6      | Noticed Menkaure
  4288 | D:6      | Reached skill level 5 in Armour
  4290 | D:6      | Killed Menkaure
  4655 | D:6      | Noticed Edmund
  4666 | D:6      | Killed Edmund
  4948 | D:6      | Reached skill level 10 in Maces & Flails
  5048 | D:6      | Reached XP level 9. HP: 78/81 MP: 8/8
  5150 | D:6      | Noticed Grinder
  5150 | D:6      | Paralysed by Grinder for 2 turns
  5159 | D:6      | Killed Grinder
  5212 | D:6      | Noticed Sigmund
  5224 | D:6      | Killed Sigmund
  6143 | D:7      | Reached skill level 11 in Maces & Flails
  6154 | D:7      | Reached skill level 5 in Crossbows
  6583 | D:7      | Found a staircase to the Ecumenical Temple.
  6584 | D:7      | Noticed Pikel
  6596 | D:7      | Killed Pikel
  6660 | Temple   | Entered the Ecumenical Temple
  6823 | D:7      | Reached XP level 10. HP: 82/91 MP: 9/9
  6887 | D:7      | Noticed Harold
  6903 | D:7      | Killed Harold
  6903 | D:7      | Reached **** piety under Trog
  6904 | D:7      | Reached skill level 12 in Maces & Flails
  7383 | D:8      | Noticed Erica
  7395 | D:8      | Killed Erica
  7713 | D:8      | Noticed Grum
  7726 | D:8      | Killed Grum
  7894 | D:8      | Noticed Gastronok
  7910 | D:8      | Killed Gastronok
  7911 | D:8      | Reached skill level 10 in Fighting
  7911 | D:8      | Reached skill level 13 in Maces & Flails
  8039 | D:8      | Reached XP level 11. HP: 76/101 MP: 10/10
  8476 | D:8      | Found a runed translucent door.
  8478 | D:8      | Noticed an orc knight
  8478 | D:8      | Noticed RamboRex's ghost (novice DrBe)
  8491 | D:8      | Killed an orc knight
  8495 | D:8      | Killed RamboRex's ghost
  9009 | D:9      | Found a staircase to the Orcish Mines.
  9073 | D:9      | Reached ***** piety under Trog
  9084 | D:9      | Reached skill level 14 in Maces & Flails
  9620 | Orc:1    | Entered Level 1 of the Orcish Mines
  9670 | Orc:1    | HP: 3/102 [cyclops (20)]
  9671 | Orc:1    | Mangled by an orc warrior

Illustrated notes

Levels and vault maps discovered:
D:1:      dpeg_arrival_shrine, layout_rooms
D:2:      layout_basic
D:3:      layout_basic, moated_statue, grunt_ministairs_6, minmay_starry_boxes
D:4:      layout_basic, portal_sewer_entry_d, kennysheep_generic_room_4
D:5:      layout_rooms, dk_yredelemnul_ordeal, hangedman_glass_teeth
D:6:      cheibrodos_thug_alley, layout_basic, uniq_sigmund, uniq_menkaure,
          uniq_grinder, uniq_edmund
D:7:      layout_loops_corners, minmay_temple_entry_stoned_glass,
          grunt_decor_mini_mirrors, kennysheep_big_empty_room, uniq_pikel,
          uniq_harold
D:8:      layout_layer_cave, ebering_ghost_inner_flame, uniq_erica, uniq_grum,
          uniq_gastronok
D:9:      layout_rooms, zombieorc2_lemuel
Temple:   compressed_dpeg_circular_temple
Orc:1:    layout_caves, special_room [special_room_kobold], serial_shops,
          shop_statue

Skill      XL: |  1  2  3  4  5  6  7  8  9 10 11 |
---------------+----------------------------------+-----
Maces & Flails | 5 6 7 8 10 11 13 14 | 14.2
Fighting       | 4 5 6 8 9 10 11 | 11.2
Armour         | 3 4 6 7 8 |  8.9
Dodging        | 3 |  3.3
Crossbows      | 1 2 3 6 7 |  7.0
Stealth        | |  0.1

Action                   |  1- 3 |  4- 6 |  7- 9 | 10-12 || total
-------------------------+-------+-------+-------+-------++-------
Melee: Mace              |    32 |    98 |   120 |       ||   250
       Headbutt          |     5 |    17 |    41 |    47 ||   110
       Flail             |       |       |    64 |    73 ||   137
       Whip              |       |       |    11 |    13 ||    24
       Dire flail        |       |       |       |   121 ||   121
 Fire: Hand crossbow     |       |       |    23 |    17 ||    40
Invok: Berserk           |     3 |     2 |     7 |     9 ||    21
       Trog's Hand       |       |       |       |     1 ||     1
Armor: Animal skin       |     1 |     6 |       |       ||     7
       Scale mail        |       |    20 |    12 |       ||    32
       Plate armour      |       |       |    86 |    53 ||   139
Dodge: Dodged            |    16 |    47 |    86 |   103 ||   252
